 Dungeon Crawl Stone Soup version 0.30.0-30-g96aa6591b8 (webtiles) character file.

Game seed: 16923559694675156239

298 Bnni the Grasshopper (level 6, 0/48 HPs)
             Began as a Barachi Warper on June 30, 2023.
             Succumbed to Crazy Yiuf's poison
             ... on level 3 of the Dungeon.
             The game lasted 00:04:36 (2434 turns).

Bnni the Grasshopper (Barachi Warper)               Turns: 2434, Time: 00:04:37

Health: 0/48       AC: 13    Str: 14    XL:     6   Next: 35%
Magic:  10/10      EV:  7    Int: 13    God:
Gold:   90         SH:  0    Dex: 12    Spells: 9/11 levels left

rFire   . . .        u - +0 flail
rCold   . . .        (no shield)
rNeg    . . .        r - +3 chain mail {ponderous}
rPois   .            t - +0 helmet
rElec   .            (no cloak)
rCorr   .            (no gloves)
SInv    .            w - +0 pair of boots
Will    .....        (no amulet) Stlth
                     (no ring)
HPRegen 0.28/turn    (no ring)
MPRegen 0.12/turn

%: no passive effects
@: lethally poisoned (0 -> -10), attractive, very slow
A: amphibious, slowness 1, strong legs 1, +LOS
a: Hop


You were on level 3 of the Dungeon.
You visited 1 branch of the dungeon, and saw 3 of its levels.

You collected 90 gold pieces.

Inventory:

Hand Weapons
 u - a +0 flail (weapon)
 y - a +2 short sword of venom
Missiles
 d - 7 boomerangs of dispersal
 h - 13 poisoned darts (quivered)
 s - 2 boomerangs
Armour
 o - a +0 ring mail
 r - a +3 chain mail of ponderousness (worn)
 t - a +0 helmet (worn)
 w - a +0 pair of boots (worn)
Scrolls
 c - a scroll of blinking
 f - a scroll of fear {unknown}
 g - a scroll of poison {unknown}
 i - 2 scrolls of identify {unknown}
 k - a scroll of magic mapping {unknown}
 m - a scroll of brand weapon {unknown}
 n - 2 scrolls of teleportation {unknown}
 p - a scroll of amnesia {unknown}
Potions
 a - a potion of flight
 b - a potion of brilliance
 e - 3 potions of attraction
 l - a potion of resistance {unknown}
 q - a potion of curing {unknown}
 v - a potion of haste {unknown}
 x - a potion of lignification


   Skills:
 + Level 3.8 Fighting
 * Level 4.4 Maces & Flails
 - Level 1.0 Throwing
 - Level 1.2 Armour
 - Level 2.1 Dodging
 + Level 3.2 Spellcasting
 * Level 5.1 Translocations


You had 9 spell levels left.
You knew the following spells:

 Your Spells              Type           Power      Damage    Failure   Level
a - Blink                 Tloc           30%        N/A       58%         2

Your spell library contained the following spells:

 Spells                   Type           Power      Damage    Failure   Level
 Lesser Beckoning         Tloc           30%        N/A       58%         2
 Teleport Other           Tloc           15%        N/A       82%         3
 Sublimation of Blood     Necr           2%         N/A       99%         2
 Vhi's Electric Charge    Tloc/Air       16%        N/A       99%         3
 Manifold Assault         Tloc           15%        N/A       99%         4
 Petrify                  Tmut/Erth      2%         N/A       100%        4
 Irradiate                Conj/Tmut      1%         3d12      100%        5


Dungeon Overview and Level Annotations

Branches:
Dungeon (3/15)

Altars:
Okawaru
Uskayaw
The Shining One


Innate Abilities, Weirdness & Mutations

You are amphibious.
You cover ground slowly.
You can hop short distances.
You have an extended range of vision and can be seen from far away.


Message History

You feel sick.
Crazy Yiuf hits you with a +4 quarterstaff of chaos!
* * * LOW HITPOINT WARNING * * *
You are lethally poisoned!
You sock Crazy Yiuf!
You kill Crazy Yiuf!
* * * LOW HITPOINT WARNING * * *
You feel very sick.
Unknown command.
It was a potion of attraction.
You feel attractive to monsters.
* * * LOW HITPOINT WARNING * * *
You feel very sick.
It was a potion of lignification.
You turn into a tree.
Your +0 helmet melds into your body.
Your +0 pair of boots melds into your body.
Your +3 chain mail of ponderousness melds into your body.
That put a bit of spring back into your step.
Your roots penetrate the ground.
* * * LOW HITPOINT WARNING * * *
You feel sick.
There is a lethal amount of poison in your body!
It was a potion of flight.
Your roots keep you in place.
* * * LOW HITPOINT WARNING * * *
You feel very sick.
Unknown command.
It was a potion of brilliance.
You feel clever all of a sudden.
* * * LOW HITPOINT WARNING * * *
You feel sick.
It was a potion of cancellation.
Your magical effects are unravelling.
You feel magically purged.
You feel less wooden.
Your +0 helmet unmelds from your body.
Your +0 pair of boots unmelds from your body.
Your +3 chain mail of ponderousness unmelds from your body.
You feel rather ponderous.
You feel yourself slow down.
You feel a little less clever now.
You die...

.................................
.)...............................
.####..######.#####.##.#....####.
.####..# ### ######....####.
.......## #......##.
........##♣♣♣♣♣ #....####.
..###.#.....♣.♣♣♣ ### #....####.
.............♣..♣#...# #.........
.###>.......♣♣♣♣@)...# ##...####.
.# #.......♣♣ ♣♣#..)# ##..####.
.# #....##♣♣ ### #....... .#
#....# #...###. .# ##'#.#
#####.###. .####.#.##########
###......... .................#
#.#######.#. .######.##.##.##.#
#.# #...
.######.##.##.##.#####.#########.


There were no monsters in sight!

Vanquished Creatures
  A black bear (D:3)
  A scorpion (D:3)
  Crazy Yiuf (D:3)
  Terence (D:2)
  A gnoll (D:1)
  4 adders
  A dart slug (D:3)
  An orc (D:3)
  2 endoplasms (D:1)
  4 giant cockroaches
  4 goblins
  3 hobgoblins
  3 jackals (D:3)
  4 kobolds
  2 quokkas (D:3)
  5 ball pythons
  4 bats
  4 frilled lizards
  3 rats
49 creatures vanquished.

Notes
Turn   | Place    | Note
-------+----------+-------------------------------------------
     0 | D:1      | Bnni the Barachi Warper began the quest for the Orb.
     0 | D:1      | Reached XP level 1. HP: 17/17 MP: 3/3
   212 | D:1      | Reached XP level 2. HP: 22/23 MP: 5/5
   215 | D:1      | Learned a level 2 spell: Blink
   441 | D:1      | Reached XP level 3. HP: 20/28 MP: 6/6
  1296 | D:2      | Found a faded altar of an unknown god.
  1355 | D:2      | Noticed Terence
  1363 | D:2      | Killed Terence
  1364 | D:2      | Reached skill level 4 in Translocations
  1364 | D:2      | Reached XP level 4. HP: 33/35 MP: 7/7
  1617 | D:3      | Noticed a scorpion
  1627 | D:3      | Killed a scorpion
  1628 | D:3      | Reached XP level 5. HP: 22/41 MP: 9/9
  1735 | D:3      | Noticed a black bear
  1970 | D:3      | Found an iron altar of Okawaru.
  1971 | D:3      | Found a hide-covered altar of Uskayaw.
  1971 | D:3      | Found a glowing golden altar of the Shining One.
  2114 | D:3      | Killed a black bear
  2115 | D:3      | Reached skill level 5 in Translocations
  2115 | D:3      | Reached XP level 6. HP: 38/48 MP: 10/10
  2418 | D:3      | Found a runed translucent door.
  2419 | D:3      | Noticed Crazy Yiuf
  2429 | D:3      | Killed Crazy Yiuf
  2433 | D:3      | HP: 3/72 [poisoned by Crazy Yiuf]
  2434 | D:3      | Succumbed to Crazy Yiuf's poison

Illustrated notes

Levels and vault maps discovered:
D:1:      saegor_arrival_simple_e, layout_loops_ring, grunt_decor_arrowhead,
          item_on_display_a
D:2:      layout_loops_ring, dreamdust_ecumenical_altar_statues, uniq_terence
D:3:      layout_basic, gammafunk_temple_overflow_forgotten,
          uniq_crazy_yiuf_cottage

Skill      XL: |  1  2  3  4  5 |
---------------+----------------+-----
Maces & Flails | 3 4 |  4.4
Fighting       | 3 |  3.8
Translocations | 4 5 |  5.1
Spellcasting   | 3 |  3.2
Throwing       | |  1.0
Armour         | |  1.2
Dodging        | |  2.1

Action                     |  1- 3 |  4- 6 || total
---------------------------+-------+-------++-------
  Melee: Mace              |    39 |       ||    39
         Whip              |    53 |       ||    53
         Flail             |     5 |    94 ||    99
         Punch             |     1 |       ||     1
  Throw: Dart              |     5 |    11 ||    16
    Use: Potion            |       |     5 ||     5
   Stab: Sleeping          |     1 |       ||     1
 Armour: Leather armour    |    12 |       ||    12
         Ring mail         |    28 |       ||    28
         Chain mail        |     6 |    73 ||    79
  Dodge: Dodged            |    54 |    53 ||   107
